[ AOE2 MATCH · #507290713 ]
UnrankedMalians vs Slavs
Player's team · WIN
Rival team · LOSS
[ REPLAY ANALYSIS · EXTRACTED FROM THE RECORDED GAME ]
Feudal
10:30
Castle
21:26
Imperial
—
| APM avg | 91.8 |
| APM peak | 129 |
| eAPM avg | 38.5 |
| Villagers / military | 46 / 44 |
Focus
⚔️ 42.7% · 🌾 57.3%
Archer ×20 · Spearman ×8 · Knight ×8 · Militia ×3 · Scout Cavalry ×3 · Skirmisher ×2
Feudal
9:16
Castle
24:00
Imperial
—
| APM avg | 62.9 |
| APM peak | 88 |
| eAPM avg | 26.6 |
| Villagers / military | 68 / 36 |
Focus
⚔️ 52.2% · 🌾 47.8%
Skirmisher ×30 · Scout Cavalry ×6
Match map
Initial resources + every placement click. Lines = walls · curves = elevation contours. ◆ gold · ⬟ stone · ● berries · ✦ relic · ◌ wall gap
Your base· Open — unwalled flank
CNZS_Daniel's base· ✓ Closed at 24:00 · 46t walls · no gate
Smoothed initial terrain · ◌ = detected wall gap · hover for details
Inputs per minute
— VIT Liereyy - - CNZS_Daniel
Build order — VIT Liereyy
First 150 of 172 actions detected
| 0:00 | Queue | Villager (Male) |
| 0:00 | Queue | Villager (Male) |
| 0:01 | Build | House |
| 0:02 | Build | House |
| 0:07 | Queue | Villager (Male) |
| 0:07 | Queue | Villager (Male) |
| 1:31 | Queue | Villager (Male) |
| 1:57 | Build | Lumber Camp |
| 1:59 | Queue | Villager (Male) |
| 2:22 | Queue | Villager (Male) |
| 2:51 | Queue | Villager (Male) |
| 3:14 | Queue | Villager (Male) |
| 3:23 | Build | House |
| 3:40 | Queue | Villager (Male) |
| 3:40 | Queue | Villager (Male) |
| 4:15 | Build | Barracks |
| 4:21 | Queue | Villager (Male) |
| 4:47 | Queue | Villager (Male) |
| 4:55 | Build | House |
| 5:07 | Queue | Militia |
| 5:08 | Queue | Militia |
| 5:13 | Queue | Villager (Male) |
| 5:35 | Queue | Villager (Male) |
| 5:36 | Queue | Militia |
| 5:47 | Build | Mill |
| 6:06 | Queue | Villager (Male) |
| 6:31 | Queue | Villager (Male) |
| 6:33 | Build | House |
| 6:42 | Queue | Villager (Male) |
| 6:42 | Queue | Villager (Male) |
| 6:42 | Research | Loom |
| 7:55 | Build | Lumber Camp |
| 8:08 | Research | Feudal Age |
| 8:38 | Build | Mining Camp |
| 9:13 | Queue | Villager (Male) |
| 9:38 | Build | House |
| 9:42 | Build | Mill |
| 9:48 | Build | Palisade Wall |
| 10:30 | Age | Feudal Age |
| 10:32 | Build | Archery Range |
| 10:33 | Queue | Spearman |
| 10:33 | Research | Double-Bit Axe |
| 10:38 | Build | Palisade Wall |
| 10:41 | Build | Palisade Wall |
| 10:49 | Queue | Spearman |
| 10:50 | Queue | Villager (Male) |
| 10:59 | Queue | Villager (Male) |
| 11:05 | Build | Blacksmith |
| 11:09 | Build | House |
| 11:09 | Build | Palisade Wall |
| 11:16 | Queue | Spearman |
| 11:22 | Build | Farm |
| 11:25 | Queue | Archer |
| 11:26 | Build | Palisade Wall |
| 11:27 | Build | Palisade Wall |
| 11:30 | Queue | Villager (Male) |
| 11:49 | Build | Palisade Gate |
| 11:50 | Build | House |
| 11:59 | Queue | Villager (Male) |
| 12:02 | Queue | Archer |
| 12:03 | Build | Farm |
| 12:10 | Build | Farm |
| 12:17 | Research | Fletching |
| 12:19 | Build | Farm |
| 12:29 | Build | Farm |
| 12:32 | Queue | Archer |
| 12:32 | Queue | Villager (Male) |
| 12:42 | Build | Farm |
| 12:53 | Queue | Spearman |
| 12:55 | Queue | Archer |
| 13:05 | Build | Farm |
| 13:05 | Queue | Villager (Male) |
| 13:27 | Queue | Villager (Male) |
| 13:32 | Build | Palisade Wall |
| 13:33 | Build | House |
| 13:35 | Build | Farm |
| 13:41 | Queue | Archer |
| 13:42 | Queue | Villager (Male) |
| 13:49 | Build | House |
| 13:55 | Queue | Spearman |
| 14:04 | Build | Palisade Wall |
| 14:08 | Build | Farm |
| 14:10 | Research | Padded Archer Armor |
| 14:10 | Research | Padded Archer Armor |
| 14:11 | Queue | Villager (Male) |
| 14:19 | Queue | Archer |
| 14:31 | Queue | Villager (Male) |
| 14:32 | Queue | Spearman |
| 14:40 | Build | Farm |
| 14:44 | Queue | Archer |
| 14:55 | Build | Farm |
| 14:56 | Research | Scale Mail Armor |
| 14:57 | Queue | Villager (Male) |
| 15:10 | Queue | Spearman |
| 15:11 | Queue | Archer |
| 15:21 | Queue | Villager (Male) |
| 15:39 | Queue | Villager (Male) |
| 15:42 | Build | Farm |
| 15:42 | Build | Farm |
| 15:49 | Queue | Spearman |
| 15:50 | Queue | Archer |
| 15:54 | Queue | Skirmisher |
| 15:56 | Build | Farm |
| 16:10 | Queue | Villager (Male) |
| 16:11 | Build | Farm |
| 16:19 | Queue | Archer |
| 16:21 | Build | Farm |
| 16:40 | Build | Farm |
| 16:42 | Build | Farm |
| 16:42 | Queue | Villager (Male) |
| 16:45 | Queue | Archer |
| 16:49 | Build | House |
| 16:58 | Build | House |
| 16:59 | Build | Palisade Wall |
| 17:17 | Queue | Villager (Male) |
| 17:20 | Build | House |
| 17:24 | Queue | Archer |
| 17:41 | Queue | Skirmisher |
| 17:51 | Queue | Villager (Male) |
| 18:04 | Build | Stable |
| 18:07 | Queue | Villager (Male) |
| 18:08 | Build | Watch Tower |
| 18:20 | Queue | Archer |
| 18:46 | Research | Castle Age |
| 19:00 | Queue | Scout Cavalry |
| 19:05 | Build | Mining Camp |
| 19:12 | Queue | Archer |
| 19:15 | Research | Horse Collar |
| 19:29 | Queue | Scout Cavalry |
| 19:35 | Build | Farm |
| 19:40 | Build | Palisade Wall |
| 19:42 | Build | Palisade Wall |
| 19:51 | Queue | Archer |
| 20:09 | Queue | Scout Cavalry |
| 20:10 | Queue | Archer |
| 20:42 | Queue | Archer |
| 20:49 | Research | Bloodlines |
| 20:57 | Queue | Villager (Male) |
| 21:00 | Build | Farm |
| 21:01 | Build | Farm |
| 21:06 | Build | Farm |
| 21:19 | Build | Palisade Wall |
| 21:26 | Age | Castle Age |
| 21:27 | Queue | Knight |
| 21:31 | Research | Crossbowman (upgrade) |
| 21:33 | Research | Bodkin Arrow |
| 21:33 | Research | Bodkin Arrow |
| 21:35 | Build | Farm |
| 21:40 | Build | University |
| 21:46 | Queue | Knight |
Build order — CNZS_Daniel
First 150 of 172 actions detected
| 0:00 | Queue | Villager (Male) |
| 0:01 | Queue | Villager (Male) |
| 0:02 | Build | House |
| 0:02 | Build | House |
| 0:04 | Queue | Villager (Male) |
| 0:04 | Queue | Villager (Male) |
| 1:29 | Queue | Villager (Male) |
| 1:29 | Queue | Villager (Male) |
| 2:02 | Queue | Villager (Male) |
| 2:02 | Queue | Villager (Male) |
| 2:12 | Build | Mill |
| 2:29 | Queue | Villager (Male) |
| 2:29 | Queue | Villager (Male) |
| 2:54 | Queue | Villager (Male) |
| 3:14 | Queue | Villager (Male) |
| 3:14 | Queue | Villager (Male) |
| 3:20 | Queue | Villager (Male) |
| 3:52 | Build | House |
| 3:57 | Queue | Villager (Male) |
| 4:16 | Queue | Villager (Male) |
| 4:16 | Queue | Villager (Male) |
| 4:16 | Queue | Villager (Male) |
| 4:43 | Queue | Villager (Male) |
| 4:43 | Queue | Villager (Male) |
| 4:44 | Queue | Villager (Male) |
| 4:57 | Queue | Villager (Male) |
| 5:15 | Queue | Villager (Male) |
| 5:28 | Build | Lumber Camp |
| 5:32 | Research | Loom |
| 6:56 | Research | Feudal Age |
| 7:02 | Build | House |
| 7:10 | Build | Palisade Wall |
| 7:47 | Queue | Villager (Male) |
| 8:09 | Build | Barracks |
| 9:10 | Queue | Villager (Male) |
| 9:16 | Age | Feudal Age |
| 9:18 | Build | Stable |
| 9:22 | Queue | Villager (Male) |
| 9:30 | Queue | Villager (Male) |
| 9:30 | Research | Double-Bit Axe |
| 9:31 | Research | Double-Bit Axe |
| 10:00 | Queue | Villager (Male) |
| 10:05 | Queue | Villager (Male) |
| 10:08 | Queue | Villager (Male) |
| 10:10 | Build | Mill |
| 10:10 | Queue | Scout Cavalry |
| 10:10 | Queue | Scout Cavalry |
| 10:14 | Queue | Villager (Male) |
| 10:19 | Queue | Scout Cavalry |
| 10:33 | Queue | Villager (Male) |
| 10:49 | Queue | Scout Cavalry |
| 10:50 | Queue | Villager (Male) |
| 10:51 | Build | Archery Range |
| 11:10 | Build | Farm |
| 11:14 | Queue | Scout Cavalry |
| 11:24 | Build | Farm |
| 11:47 | Build | Farm |
| 11:50 | Queue | Skirmisher |
| 11:51 | Queue | Skirmisher |
| 12:13 | Build | Farm |
| 12:16 | Queue | Villager (Male) |
| 12:16 | Queue | Villager (Male) |
| 12:18 | Build | Farm |
| 12:27 | Queue | Skirmisher |
| 12:28 | Queue | Skirmisher |
| 12:28 | Queue | Skirmisher |
| 12:31 | Queue | Villager (Male) |
| 12:31 | Queue | Villager (Male) |
| 12:41 | Queue | Skirmisher |
| 12:56 | Queue | Villager (Male) |
| 12:56 | Queue | Villager (Male) |
| 13:07 | Build | Farm |
| 13:25 | Queue | Villager (Male) |
| 13:26 | Queue | Skirmisher |
| 13:28 | Build | Blacksmith |
| 13:35 | Queue | Villager (Male) |
| 13:35 | Queue | Villager (Male) |
| 13:42 | Build | Farm |
| 13:51 | Queue | Skirmisher |
| 13:54 | Build | Farm |
| 13:55 | Queue | Villager (Male) |
| 13:58 | Build | House |
| 14:03 | Queue | Skirmisher |
| 14:17 | Queue | Skirmisher |
| 14:22 | Research | Fletching |
| 14:23 | Research | Fletching |
| 14:23 | Queue | Skirmisher |
| 14:27 | Queue | Villager (Male) |
| 14:27 | Queue | Villager (Male) |
| 14:30 | Build | Farm |
| 14:31 | Build | House |
| 14:48 | Build | Farm |
| 14:58 | Queue | Skirmisher |
| 15:11 | Queue | Villager (Male) |
| 15:11 | Queue | Villager (Male) |
| 15:14 | Build | Farm |
| 15:16 | Queue | Skirmisher |
| 15:34 | Queue | Skirmisher |
| 15:37 | Queue | Villager (Male) |
| 15:37 | Queue | Villager (Male) |
| 15:39 | Build | Farm |
| 15:43 | Queue | Skirmisher |
| 15:53 | Build | Farm |
| 16:05 | Queue | Villager (Male) |
| 16:09 | Queue | Skirmisher |
| 16:19 | Build | Farm |
| 16:25 | Queue | Villager (Male) |
| 16:25 | Queue | Villager (Male) |
| 16:41 | Research | Padded Archer Armor |
| 16:44 | Queue | Villager (Male) |
| 16:44 | Queue | Villager (Male) |
| 16:46 | Build | Farm |
| 16:47 | Build | Farm |
| 17:02 | Build | Mining Camp |
| 17:05 | Build | Farm |
| 17:08 | Queue | Villager (Male) |
| 17:09 | Queue | Villager (Male) |
| 17:14 | Queue | Scout Cavalry |
| 17:16 | Queue | Skirmisher |
| 17:25 | Build | Farm |
| 17:39 | Queue | Skirmisher |
| 17:39 | Queue | Villager (Male) |
| 18:00 | Queue | Skirmisher |
| 18:01 | Queue | Villager (Male) |
| 18:05 | Queue | Villager (Male) |
| 18:13 | Build | House |
| 18:17 | Research | Wheelbarrow |
| 18:17 | Research | Wheelbarrow |
| 18:23 | Research | Horse Collar |
| 18:56 | Queue | Villager (Male) |
| 19:09 | Build | Farm |
| 19:28 | Build | House |
| 19:30 | Build | Palisade Wall |
| 19:55 | Queue | Villager (Male) |
| 20:10 | Build | Farm |
| 20:11 | Queue | Villager (Male) |
| 20:12 | Build | Market |
| 20:30 | Queue | Villager (Male) |
| 20:38 | Build | House |
| 20:40 | Queue | Skirmisher |
| 20:40 | Queue | Skirmisher |
| 20:44 | Build | Archery Range |
| 20:48 | Build | Palisade Wall |
| 20:57 | Build | Lumber Camp |
| 21:20 | Research | Castle Age |
| 21:24 | Queue | Skirmisher |
| 21:29 | Build | Watch Tower |
| 21:37 | Build | Palisade Wall |
| 21:40 | Build | House |
| 21:46 | Build | House |
Match timeline
| 4:15 | VIT Liereyy · first_building Barracks |
| 7:10 | CNZS_Daniel · wall_segment Palisade Wall x1 |
| 8:09 | CNZS_Daniel · first_building Barracks |
| 9:16 | CNZS_Daniel · age_up feudal |
| 9:18 | CNZS_Daniel · first_building Stable |
| 9:48 | VIT Liereyy · wall_segment Palisade Wall x4 |
| 10:30 | VIT Liereyy · age_up feudal |
| 10:32 | VIT Liereyy · first_building Archery Range |
| 10:38 | VIT Liereyy · wall_segment Palisade Wall x1 |
| 10:41 | VIT Liereyy · wall_segment Palisade Wall x1 |
| 10:51 | CNZS_Daniel · first_building Archery Range |
| 11:09 | VIT Liereyy · wall_segment Palisade Wall x1 |
| 11:26 | VIT Liereyy · wall_segment Palisade Wall x1 |
| 11:27 | VIT Liereyy · wall_segment Palisade Wall x1 |
| 13:32 | VIT Liereyy · wall_segment Palisade Wall x1 |
| 14:04 | VIT Liereyy · wall_segment Palisade Wall x1 |
| 16:59 | VIT Liereyy · wall_segment Palisade Wall x3 |
| 18:04 | VIT Liereyy · first_building Stable |
| 19:30 | CNZS_Daniel · wall_segment Palisade Wall x15 |
| 19:40 | VIT Liereyy · wall_segment Palisade Wall x1 |
| 19:42 | VIT Liereyy · wall_segment Palisade Wall x1 |
| 20:48 | CNZS_Daniel · wall_segment Palisade Wall x6 |
| 21:19 | CNZS_Daniel · first_market_sell 100 food |
| 21:19 | VIT Liereyy · wall_segment Palisade Wall x1 |
| 21:26 | VIT Liereyy · age_up castle |
| 21:37 | CNZS_Daniel · wall_segment Palisade Wall x12 |
| 22:21 | CNZS_Daniel · wall_segment Palisade Wall x3 |
| 23:13 | CNZS_Daniel · wall_segment Palisade Wall x9 |
| 24:00 | CNZS_Daniel · age_up castle |
| 24:34 | CNZS_Daniel · resign |
[ AI ANALYSIS · 1 CREDIT ]
What really happened in this match?
Wolo.gg analyzes every decision: build order, eco, micro, common mistakes by bracket. Personalized analysis on WhatsApp or Discord in 30 seconds.
Civ guide
Malians
Perfil
Liereyy